 Dungeon Crawl Stone Soup version 0.32-a0-705-g60f233581c (webtiles) character file.

Game seed: 12835886559813481205

2946 BeKind the Shield-Bearer (level 9, -5/64 HPs)
             Began as an Octopode Fighter on Mar 14, 2024.
             Was an Initiate of Gozag.
             Killed from afar by a steam dragon (11 damage)
             ... with a ball of steam
             ... on level 7 of the Dungeon.
             The game lasted 00:09:25 (8098 turns).

BeKind the Shield-Bearer (Octopode Fighter)         Turns: 8098, Time: 00:09:26

Health: -5/64      AC:  1    Str: 21    XL:     9   Next: 80%
Magic:  0/21       EV: 15    Int: 10    God:    Gozag
Gold:   571        SH:  6    Dex: 16    Spells: 10/12 levels left

rFire   . . .        a - +0 trident
rCold   . . .        b - +0 buckler
rNeg    . . .        (helmet restricted)
rPois   .            y - amulet of guardian spirit
rElec   .            l - ring of magical power
rCorr   .            v - +6 ring of strength
SInv    .            (no ring)
Will    .....        (no ring)
Stlth   ++           (no ring)
HPRegen 0.30/turn    (no ring)
MPRegen 0.17/turn    (no ring)
                     (no ring)

%: guardian spirit
@: about to teleport, on blink cooldown
A: almost no armour, amphibious, 8 rings, camouflage 1, gelatinous body 1,
(nimble swimmer 1), tentacles
a: Renounce Religion, Potion Petition, Call Merchant, Bribe Branch


You were on level 7 of the Dungeon.
You worshipped Gozag.
Gozag was pleased with you.
You visited 2 branches of the dungeon, and saw 8 of its levels.
You also visited: Ossuary.

You collected 642 gold pieces.
You paid 71 gold pieces to Gozag.

Inventory:

Hand Weapons
 a - a +0 trident (weapon)
 p - a +0 sling
Missiles
 k - a throwing net (quivered)
Armour
 b - a +0 buckler (worn)
Jewellery
 l - a ring of magical power (left tentacle)
 v - a +6 ring of strength (right tentacle)
 y - an amulet of guardian spirit (around mantle)
Wands
 t - a wand of roots (5)
 w - a wand of digging (5)
Scrolls
 c - a scroll of revelation {unknown}
 d - 7 scrolls of identify {unknown}
 e - a scroll of butterflies
 f - a scroll of vulnerability {unknown}
 g - a scroll of noise {unknown}
 h - a scroll of teleportation
 i - a scroll of acquirement {unknown}
 m - a scroll of fog {unknown}
 x - a scroll of immolation {unknown}
 A - a scroll of amnesia {unknown}
Potions
 j - a potion of ambrosia {unknown}
 n - 3 potions of degeneration {unknown}
 o - 2 potions of curing {unknown}
 q - 3 potions of magic {unknown}
 r - 4 potions of might
 s - a potion of lignification {unknown}
 u - a potion of cancellation {unknown}
 z - 2 potions of haste {unknown}
 B - a potion of enlightenment {unknown}


   Skills:
 + Level 7.0 Fighting
 + Level 6.5 Polearms
 + Level 7.0 Dodging
 + Level 7.0 Shields
 - Level 2.0 Spellcasting
 - Level 3.0 Translocations


You had 10 spell levels left.
You knew the following spells:

 Your Spells              Type           Power      Damage    Failure   Level
a - Blink                 Tloc           14%        N/A       16%         2

Your spell library contained the following spells:

 Spells                   Type           Power      Damage    Failure   Level
 Lesser Beckoning         Tloc           14%        N/A       16%         2
 Momentum Strike          Conj/Tloc      8%         3d8       30%         2
 Mercury Vapours          Alch/Air       2%         N/A       50%         2
 Passage of Golubria      Tloc           7%         N/A       71%         4
 Mephitic Cloud           Conj/Alch/Air  1%         N/A       73%         3
 Stone Arrow              Conj/Erth      2%         3d7       73%         3
 Tukima's Dance           Hex            1%         N/A       73%         3
 Freezing Cloud           Conj/Ice/Air   0%         6-21      100%        5
 Yara's Violent Unravell  Hex/Alch       0%         3d3       100%        5
 Lehudib's Crystal Spear  Conj/Erth      0%         10d2      100%        8
 Animate Armour           Summ/Erth      Unusable   N/A       N/A         4

Dungeon Overview and Level Annotations

Branches:
Dungeon (7/15)             Temple (1/1) D:5         Ossuary (visited)

Altars:
Cheibriados
Dithmenos
Elyvilon
Fedhas
Gozag
Hepliaklqana
Kikubaaqudgha
Makhleb
Nemelex Xobeh
Okawaru
Qazlal
Ru
Sif Muna
Trog
Uskayaw
Wu Jian
Xom
Yredelemnul
The Shining One

Shops:
D:5 !=   D:7 ?

Annotations:
Temple 4 transporters


Innate Abilities, Weirdness & Mutations

You cannot wear most types of armour.
You are amphibious.
You can wear up to eight rings at the same time.
Your skin changes colour to match your surroundings (Stealth+).
Your rubbery body absorbs attacks. (AC +1, EV +1)
((You are camouflaged when in or above water. (Stealth+)))
You have tentacles for arms and can constrict up to eight enemies at once.


Message History

* * * LOW HITPOINT WARNING * * *
You are too injured to fight recklessly!
You are too injured to fight recklessly!
You are too injured to fight recklessly!
You are too injured to fight recklessly!
You are too injured to fight recklessly!
You are too injured to fight recklessly!
You are too injured to fight recklessly!
You are too injured to fight recklessly!
You are too injured to fight recklessly!
You are too injured to fight recklessly!
You are too injured to fight recklessly!
You are too injured to fight recklessly!
The steam dragon attacks as it pursues you!
You block the steam dragon's attack. x2
You hit the steam dragon but do no damage.
Your squeeze misses the steam dragon. The steam dragon closely misses you.
The steam dragon barely misses you.
Casting: Blink (safe; 16% risk of failure)
Confirm with . or Enter, or press ? or * to list all spells.
You blink.
You are too injured to fight recklessly!
Reach: a) +0 trident
Press: ? - help, Dir - move target, f/p - steam dragon
Aim: a steam dragon (about 35% to evade your +0 trident)
You reach to attack!
You hit the steam dragon but do no damage.
The steam dragon breathes steam at you. The ball of steam hits you!
* * * LOW HITPOINT WARNING * * *
Casting: Blink (safe; 16% risk of failure)
Confirm with . or Enter, or press ? or * to list all spells.
You don't have enough magic to cast this spell.
Okay, then.
As you read the scroll of teleportation, it crumbles to dust.
You feel strangely unstable. The steam dragon breathes steam at you.
The ball of steam hits you!
You die...
Your body crumbles into a pile of gold.

..........# ##...##
######.#<.###.###.##
#.#..##.## ##.## #
#.#..#.## ##.####### #
#.#..#.# #.......#
######.#.##.# #.#####.#
.........###.# #.## #.#
#####.##.# #§###.# #.#
#.##.# #D§@# ##.## #.##.#
##### ##.#.## #.##.#
##########.###.## #.##.##
#.........## ##.#
#.##..♣♣♣♣..........###.##
#.##.♣.....#.######..#.##
#.#♣..♣...♣...# #.#.##
#.♣..♣♣♣♣♣.♣..# #.###
#.♣.♣♣...♣..♣.# #.#


You could see a steam dragon (catching breath).

Vanquished Creatures
  An acid dragon (D:7)
  A water moccasin (D:7)
  A sky beast (D:7)
  2 centaurs
  2 ogres
  A phantom (D:6)
  2 elf zombies (Ossuary)
  2 gnoll sergeants
  4 scorpions
  A bullfrog (D:6)
  5 killer bees
  2 bombardier beetles
  2 howler monkeys (D:7)
  A bullfrog zombie (D:6)
  An orc priest (D:7)
  5 centaur zombies
  A gnoll bouda (D:7)
  5 hounds
  A human zombie (Ossuary)
  A bullfrog skeleton (D:6)
  Ijyb (D:4)
  2 orc wizards
  6 iguanas
  2 killer bee zombies (D:7)
  8 hound zombies (Ossuary)
  2 mummies (Ossuary)
  2 howler monkey zombies
  Robin (D:2)
  16 gnolls
  6 adders
  3 white imps (D:5)
  6 ufetubi
  4 adder zombies (Ossuary)
  5 dart slugs
  2 ribbon worms
  20 orcs
  8 ball pythons
  6 bats
  5 endoplasms
  5 gnoll zombies (Ossuary)
  6 hobgoblins
  12 jackals
  4 quokkas
  3 frilled lizards
  10 goblins
  6 jackal zombies (Ossuary)
  4 kobolds
  5 kobold zombies (Ossuary)
  5 orc zombies (Ossuary)
  6 rats
212 creatures vanquished.

Notes
Turn   | Place    | Note
-------+----------+-------------------------------------------
     0 | D:1      | BeKind the Octopode Fighter began the quest for the Orb.
     0 | D:1      | Reached XP level 1. HP: 16/16 MP: 1/1
   230 | D:1      | Reached XP level 2. HP: 21/21 MP: 2/2
   820 | D:2      | Noticed Robin
   828 | D:2      | Killed Robin
   829 | D:2      | Reached XP level 3. HP: 21/26 MP: 3/3
  1040 | D:2      | Reached XP level 4. HP: 31/31 MP: 4/4
  1134 | D:2      | Learned a level 2 spell: Blink
  1228 | D:2      | Found a shimmering altar of Xom.
  1465 | D:3      | Found a sacrificial altar of Ru.
  1466 | D:3      | Found a snail-covered altar of Cheibriados.
  1502 | D:3      | Found a bloodstained altar of Trog.
  1503 | D:3      | Found a shimmering altar of Xom.
  1670 | D:3      | Reached XP level 5. HP: 34/37 MP: 5/5
  1983 | D:3      | Reached skill level 1 in Translocations
  2338 | D:4      | Reached skill level 1 in Spellcasting
  2369 | D:4      | Found a sand-covered staircase.
  2374 | Ossuary  | Entered an ossuary
  2456 | Ossuary  | Reached XP level 6. HP: 43/43 MP: 7/7
  2624 | Ossuary  | Reached XP level 7. HP: 18/48 MP: 9/9
  3020 | D:4      | Found a blossoming altar of Fedhas.
  3020 | D:4      | Noticed Ijyb
  3026 | D:4      | Killed Ijyb
  3302 | D:5      | Entered Level 5 of the Dungeon
  3363 | D:5      | Found Xis Esenn's Jewellery Boutique.
  3482 | D:5      | Found Vuoneafi's Distillery.
  3540 | D:5      | Reached XP level 8. HP: 42/54 MP: 11/11
  4016 | D:6      | Reached skill level 5 in Shields
  4151 | D:6      | Reached skill level 5 in Fighting
  4151 | D:6      | Reached skill level 5 in Dodging
  5035 | D:5      | Reached skill level 5 in Polearms
  5073 | D:5      | Found a staircase to the Ecumenical Temple.
  5105 | Temple   | Found a transporter.
  5105 | Temple   | Found a transporter.
  5105 | Temple   | Found a transporter.
  5105 | Temple   | Found a transporter.
  5105 | Temple   | Entered the Ecumenical Temple
  5123 | Temple   | Became a worshipper of Gozag Ym Sagoz the Greedy
  6394 | D:6      | Reached XP level 9. HP: 62/62 MP: 12/12
  6849 | D:7      | Found Suixu's Magic Scroll Shoppe.
  7778 | D:7      | Found a basalt altar of Yredelemnul.
  8098 | D:7      | Killed from afar by a steam dragon

Illustrated notes

Levels and vault maps discovered:
D:1:      dpeg_arrival_water_fire, layout_basic,
          hangedman_abyss_or_decor_lesser_grid, minivault_24
D:2:      layout_basic, basic_altar, kennysheep_generic_room_8, uniq_robin
D:3:      layout_basic, grunt_temple_overflow_open
D:4:      layout_basic, marbit_many_paths, lightli_ossuary_entry_decrepit_ruins,
          uniq_ijyb, uniq_edmund
D:5:      layout_loops_ring, minmay_temple_entry_wispy, serial_shops, shop,
          nicolae_shop_tiny_waterfront, minmay_between
D:6:      layout_layer_cave, serial_undead, serial_undead_c, serial_undead_e,
          serial_undead_a, serial_undead_b
D:7:      layout_loops_ring, nicolae_yredelemnul_corpse_copse, zin_angel,
          serial_shops, shop, minmay_manual_moon
Temple:   hellmonk_temple_divided_pantheon

Skill      XL: |  1  2  3  4  5  6  7  8  9 |
---------------+----------------------------+-----
Polearms       | 3 4 5 6 |  6.5
Translocations | 1 2 3 |  3.0
Spellcasting   | 1 2 |  2.0
Fighting       | 4 5 7 |  7.0
Dodging        | 4 5 7 |  7.0
Shields        | 4 6 7 |  7.0

Action                     |  1- 3 |  4- 6 |  7- 9 || total
---------------------------+-------+-------+-------++-------
  Melee: Trident           |    65 |   156 |   345 ||   566
         Tentacles         |    13 |    22 |    74 ||   109
         Constrict         |    11 |    35 |    65 ||   111
   Fire: Sling             |       |    12 |       ||    12
   Cast: Blink             |       |     2 |     3 ||     5
    Use: Scroll            |       |     2 |     3 ||     5
         Potion            |       |     1 |       ||     1
   Stab: Sleeping          |    10 |    11 |    10 ||    31
         Distracted        |       |       |     4 ||     4
 Armour: Skin              |    12 |    52 |   152 ||   216
  Dodge: Dodged            |    18 |    82 |   166 ||   266
  Block: Buckler           |     5 |    28 |    85 ||   118

Table legend: (Time is in decaauts)
 A = Elapsed time spent in this place.
 B = Non-inter-level travel time spent in this place.
 C = Inter-level travel time spent in this place.
 D = Time resting spent in this place.
 E = Time spent auto-exploring this place.
 F = Levels seen in this place.
 G = Mean time per level.
                   A        B        C        D        E       F      G
               +--------+--------+--------+--------+--------+-----+--------+
         Total |   8170 |   7831 |    339 |    734 |   5690 |   9 |  907.8 |
       Dungeon |   7645 |   7340 |    305 |    734 |   5412 |   7 | 1092.1 |
        Temple |     36 |      2 |     34 |      0 |      0 |   1 |   36.0 |
       Ossuary |    488 |    488 |      0 |      0 |    278 |   1 |  488.0 |
               +--------+--------+--------+--------+--------+-----+--------+

Top non-repeatable levels by time:
     D:6: 2062 daAuts
     D:7: 1679 daAuts
     D:5: 1038 daAuts
     D:3: 839 daAuts
     D:1: 788 daAuts
     D:2: 692 daAuts
     D:4: 544 daAuts
 Ossuary: 488 daAuts
  Temple: 36 daAuts
